[Event "New York Summer GM-A 2022"]
[Site "New York"]
[Date "2022.07.10"]
[Round "6.4"]
[White "Korley, Kassa"]
[Black "Saric, Ante"]
[Result "1/2-1/2"]
[WhiteElo "2421"]
[BlackElo "2510"]
[Annotator "TA"]
[PlyCount "38"]
[EventDate "2022.07.08"]
[EventType "tourn"]
[EventCountry "USA"]
[SourceTitle "playchess.com"]
[Source "ChessBase"]
[SourceQuality "1"]
[TimeControl "5400+30"]

1. Nf3 Nf6 2. g3 c5 3. Bg2 Nc6 4. c4 d5 5. cxd5 Nxd5 6. O-O e5 7. Nc3 Be6 8. d3 Be7 9. Bd2 {[%emt 0:00:30] [#]} {Predecessor:} O-O $146 {A30: Symmetrical English: Double Fianchetto and Hedgehog.} 10. Nxd5 Bxd5 11. Bc3 f6 12. a4 Qd7 13. Nd2 Be6 14. a5 Rab8 15. Qa4 Rfc8 16. Rfc1 Kf8 17. Kf1 Rc7 18. Nc4 Nd4 19. Qxd7 Bxd7 {0-1 (79) Ivanchuk,V (2678)-Leko,P (2663) chess24.com INT 2020} 1/2-1/2

[Event "New York Summer GM-A 2022"]
[Site "New York"]
[Date "2022.07.11"]
[Round "7.1"]
[White "Khamrakulov, Djurabek"]
[Black "Zhou, Liran"]
[Result "1/2-1/2"]
[ECO "B22"]
[WhiteElo "2492"]
[BlackElo "2393"]
[Annotator "TA"]
[PlyCount "86"]
[EventDate "2022.07.08"]
[EventType "tourn"]
[EventCountry "USA"]
[SourceTitle "playchess.com"]
[Source "ChessBase"]
[SourceQuality "1"]
[TimeControl "5400+30"]

1. e4 c5 2. c3 Nf6 3. e5 Nd5 4. Nf3 Nc6 5. d4 cxd4 6. cxd4 d6 7. Bc4 dxe5 $1 {[%emt 0:00:07][%mdl 4] now scores much better than the old 7...Nb6.} 8. dxe5 Ndb4 9. O-O {[%emt 0:00:12] B22: Sicilian: 2 c3.} Qxd1 10. Rxd1 Bg4 ({Don't do} 10... Nc2 11. Na3 Nxa3 12. bxa3 $16) 11. Nc3 Bxf3 12. gxf3 {[%emt 0:00:03] aiming for Nb5.} Nxe5 13. Bb3 e6 {[%emt 0:02:47] [#]} 14. Nb5 $146 ({Predecessor:} 14. f4 Nf3+ 15. Kh1 Bc5 16. Ne4 Bb6 17. Ba4+ Nc6 18. Nd6+ Ke7 19. Nxb7 Nfd4 20. b3 {1-0 (30) Godena,M (2442)-Meskovs,N (2559) Cannes 2022}) 14... Na6 {[%emt 0:00:44] Inhibits Nc7+.} (14... Nxf3+ $2 15. Kg2 Rd8 16. Rxd8+ (16. Kxf3 Rxd1 17. Bxd1 a6 $18) 16... Kxd8 17. Kxf3 $18) 15. Ba4 {[%emt 0:00:06][%mdl 1024] [#] Strongly threatening Nc7+. White has compensation.} Nc6 (15... Nxf3+ $2 16. Kg2 $18) 16. a3 Be7 17. b4 O-O 18. Be3 Rfd8 {[%emt 0:12:06] Prevents Rd7.} 19. Rac1 h6 20. Kg2 (20. Bc2 $5 ) 20... Rac8 21. Rxd8+ Rxd8 22. Bc2 Rc8 23. Nxa7 Nxa7 24. Bxa7 {[%emt 0:00:04][%cal Oc2h7] This bishop pair is nice.} f5 25. b5 Nb8 26. a4 Bg5 27. Re1 {[%emt 0:02:43] [#] Threatens to win with Bb3.} Rxc2 28. Bxb8 $11 {[%emt 0:00:02][%mdl 4096] Endgame KRB-KRB} Kf7 29. Ba7 Ra2 30. Rd1 Ke8 {[%emt 0:00:14] Against Rd7} 31. Rd6 Rxa4 32. Bb6 (32. Be3 $1 $15) 32... Ke7 33. Bc5 Rc4 34. Ba3 Kf6 {[%emt 0:01:47] ...Rc2 is the strong threat.} 35. Rd7 {[%emt 0:00:56] The position is equal.} Rc2 36. Be7+ Kg6 $1 {[%emt 0:00:07] And now ...Be3 would win.} 37. Bxg5 hxg5 38. Rxb7 {[%emt 0:00:06] KR-KR} Rb2 39. b6 Kf6 40. Rb8 Ke5 41. b7 Kf4 42. Re8 Rxb7 43. Rxe6 g4 {[%emt 0:00:41] Weighted Error Value: White=0.06 (flawless) /Black=0.04 (flawless)} 1/2-1/2

[Event "New York Summer GM-A 2022"]
[Site "New York"]
[Date "2022.07.11"]
[Round "7.2"]
[White "Saric, Ante"]
[Black "Kaliksteyn, Alexander"]
[Result "1/2-1/2"]
[ECO "E04"]
[WhiteElo "2510"]
[BlackElo "2380"]
[Annotator "TA"]
[PlyCount "55"]
[EventDate "2022.07.08"]
[EventType "tourn"]
[EventCountry "USA"]
[SourceTitle "playchess.com"]
[Source "ChessBase"]
[SourceQuality "1"]
[TimeControl "5400+30"]

1. Nf3 d5 2. g3 c5 3. Bg2 Nc6 4. d4 Nf6 5. O-O e6 6. c4 dxc4 7. Qa4 Bd7 8. Qxc4 b5 9. Qc3 {[%emt 0:00:06] E04: Open Catalan: 5 Nf3.} b4 {[%emt 0:00:27] The position is equal.} 10. Qd3 Rc8 11. dxc5 Bxc5 12. Bg5 {[%emt 0:00:29] 12.Nbd2 is the modern continuation.} h6 13. Bxf6 Qxf6 ({Don't play} 13... gxf6 14. Nbd2 $14) 14. Nbd2 {[%emt 0:00:09] [#] And now Ne4 would win.} Ne5 15. Nxe5 Qxe5 16. Nc4 Qc7 17. Rfd1 Bb5 {[%emt 0:00:25] [#] Strongly threatening ...Bxc4.} 18. Nd6+ Bxd6 19. Qxb5+ Ke7 $1 20. Rd3 Rhd8 21. Rad1 Bc5 22. Rxd8 Rxd8 23. Rxd8 Kxd8 24. e3 {[%emt 0:00:12] [#] An interesting draw.  Weighted Error Value: White=0.02 (flawless) /Black=0.01 (flawless)} {Predecessor:} Ke7 $146 25. Bf3 g6 26. Kg2 h5 27. Bc6 Qb6 28. Qxb6 {½-½ (28) Bocharov,D (2528)-Rozum,I (2566) Khanty-Mansiysk 2020} 1/2-1/2

[Event "New York Summer GM-A 2022"]
[Site "New York"]
[Date "2022.07.11"]
[Round "7.4"]
[White "Song, Michael"]
[Black "Lu, Maximillian"]
[Result "1/2-1/2"]
[ECO "A30"]
[WhiteElo "2409"]
[BlackElo "2398"]
[Annotator "RC"]
[PlyCount "110"]
[EventDate "2022.07.08"]
[EventType "tourn"]
[EventCountry "USA"]
[SourceTitle "playchess.com"]
[Source "ChessBase"]
[SourceQuality "1"]
[TimeControl "5400+30"]

1. Nf3 Nf6 2. b3 c5 3. c4 Nc6 4. Bb2 d5 5. cxd5 Nxd5 6. Nc3 Bg4 7. h3 Bh5 8. d3 Nd4 9. Nxd5 Qxd5 10. Nd2 e5 11. Ne4 Bg6 12. Nc3 Qd7 13. e4 Be7 14. Be2 f6 15. Bg4 Qd6 16. Nd5 Bf7 17. Bxd4 cxd4 18. Rc1 Bxd5 19. exd5 Qxd5 20. O-O O-O 21. Rc7 Bb4 22. Bf3 Qa5 23. Rxb7 Rab8 24. Rxb8 Rxb8 25. Be4 g6 26. Qg4 Qc7 27. h4 Kh8 28. Qe6 Kg7 29. g3 Rb6 30. Qe8 Rb8 31. Qe6 Qc8 32. Qd5 Qd8 33. Qxd8 Rxd8 34. Rc1 Bc3 35. Rc2 f5 36. Bg2 a5 37. Kf1 h6 38. f4 exf4 39. gxf4 Re8 40. Re2 Rxe2 41. Kxe2 Bb4 42. Kf2 Bd6 43. Kf3 Bb4 44. Kf2 Bd2 45. Kg3 Be1+ 46. Kh3 Kf6 47. Bc6 Ke7 48. Bd5 Bf2 49. Bc6 Be1 50. Bd5 Kf6 51. Bc6 g5 52. hxg5+ hxg5 53. fxg5+ Kxg5 54. Kg2 Kf4 55. Bd7 Bb4 1/2-1/2

[Event "New York Summer GM-A 2022"]
[Site "New York"]
[Date "2022.07.11"]
[Round "7.5"]
[White "Ostrovskiy, Aleksandr"]
[Black "Williams, Justus"]
[Result "0-1"]
[ECO "B51"]
[WhiteElo "2392"]
[BlackElo "2390"]
[Annotator "RC"]
[PlyCount "70"]
[EventDate "2022.07.08"]
[EventType "tourn"]
[EventCountry "USA"]
[SourceTitle "playchess.com"]
[Source "ChessBase"]
[SourceQuality "1"]
[TimeControl "5400+30"]

1. e4 c5 2. Nf3 d6 3. Bb5+ Nd7 4. a4 Ngf6 5. Nc3 g6 6. O-O Bg7 7. a5 O-O 8. Re1 Ne8 9. d4 Nc7 10. Bf1 cxd4 11. Nxd4 Ne5 12. h3 Nc6 13. Nb3 Be6 14. Nd5 f5 15. Nxc7 Qxc7 16. exf5 Bxf5 17. c3 Kh8 18. Be3 e5 19. Qd2 Be6 20. c4 Ne7 21. Rac1 Nf5 22. Red1 Qf7 23. Bd3 Rac8 24. Bxf5 gxf5 25. Qxd6 f4 26. Bxa7 f3 27. Nc5 Qg6 28. g3 Rc6 29. Qd3 Qh5 30. h4 Bh3 31. Ne4 Bg2 32. Qd7 Rg6 33. Be3 Rg4 34. Ng5 Rxh4 35. gxh4 Qxh4 0-1

[Event "New York Summer GM-A 2022"]
[Site "New York"]
[Date "2022.07.11"]
[Round "8.1"]
[White "Zhou, Liran"]
[Black "Williams, Justus"]
[Result "1/2-1/2"]
[ECO "B40"]
[WhiteElo "2393"]
[BlackElo "2390"]
[Annotator "ChessBase"]
[PlyCount "131"]
[EventDate "2022.07.08"]
[EventType "tourn"]
[EventCountry "USA"]
[SourceTitle "playchess.com"]
[Source "ChessBase"]
[SourceQuality "1"]
[TimeControl "5400+30"]

1. e4 c5 2. Nf3 e6 3. g3 Nc6 4. Bg2 Nf6 5. Qe2 e5 6. O-O d6 7. c3 Be7 8. a4 O-O 9. Na3 Be6 10. d3 Na5 11. Nd2 Qd7 12. Nac4 Nc6 13. Ne3 d5 14. exd5 Nxd5 15. Ndc4 Nxe3 16. Bxe3 Rfd8 17. Rfd1 Bg4 18. Bf3 Bxf3 19. Qxf3 Qe6 20. Rd2 Rd7 21. Rad1 Rad8 22. Qg2 Bf8 23. f4 exf4 24. Bxf4 f6 25. Qf3 Ne7 26. Be3 Nd5 27. Bf2 Qa6 28. a5 Qb5 29. Qf5 Nc7 30. Re1 Qc6 31. Re3 g6 32. Qh3 Rd5 33. Rd1 Qa4 34. Qf1 Qd7 35. Rf3 Qc6 36. Be3 Bg7 37. Bf4 Ne6 38. Re1 Qd7 39. Rfe3 Nxf4 40. gxf4 Bf8 41. Rd1 Bh6 42. Rf3 Qa4 43. Re1 f5 44. Re7 R5d7 45. Rfe3 Bf8 46. Re8 Qc2 47. Rxd8 Rxd8 48. Qf3 Bh6 49. Kh1 b5 50. axb6 axb6 51. Qc6 Qd1+ 52. Kg2 Qg4+ 53. Kh1 Qd1+ 54. Kg2 Qg4+ 55. Kf1 Bxf4 56. Qe6+ Kg7 57. h3 Qd1+ 58. Kg2 Bxe3 59. Qe7+ Kh6 60. Nxe3 Qe2+ 61. Kg1 Qe1+ 62. Kg2 Qe2+ 63. Kg1 Qf3 64. Qh4+ Kg7 65. Qe7+ Kh6 66. Qh4+ 1/2-1/2

[Event "New York Summer GM-A 2022"]
[Site "New York"]
[Date "2022.07.11"]
[Round "8.2"]
[White "Lu, Maximillian"]
[Black "Ostrovskiy, Aleksandr"]
[Result "1-0"]
[ECO "E11"]
[WhiteElo "2398"]
[BlackElo "2392"]
[Annotator "ChessBase"]
[PlyCount "67"]
[EventDate "2022.07.08"]
[EventType "tourn"]
[EventCountry "USA"]
[SourceTitle "playchess.com"]
[Source "ChessBase"]
[SourceQuality "1"]
[TimeControl "5400+30"]

1. d4 Nf6 2. c4 e6 3. Nf3 Bb4+ 4. Nbd2 O-O 5. a3 Be7 6. e4 d6 7. b4 e5 8. d5 a5 9. Bb2 axb4 10. axb4 Rxa1 11. Qxa1 Nh5 12. h3 g6 13. g3 f5 14. exf5 gxf5 15. c5 Nd7 16. Bc4 e4 17. c6 Nb6 18. Nd4 Nxc4 19. Nxc4 Qe8 20. cxb7 Bxb7 21. Ne3 Bc8 22. g4 fxg4 23. Nxg4 Bxg4 24. Rg1 Nf6 25. Nf5 h5 26. hxg4 hxg4 27. Qd1 e3 28. Rxg4+ Kh8 29. Rh4+ Kg8 30. Rg4+ Kh8 31. Rh4+ Kg8 32. Qf3 exf2+ 33. Kxf2 Qa4 34. Qg3+ 1-0

[Event "New York Summer GM-A 2022"]
[Site "New York"]
[Date "2022.07.11"]
[Round "8.3"]
[White "Korley, Kassa"]
[Black "Song, Michael"]
[Result "1-0"]
[ECO "A05"]
[WhiteElo "2421"]
[BlackElo "2409"]
[Annotator "ChessBase"]
[PlyCount "59"]
[EventDate "2022.07.08"]
[EventType "tourn"]
[EventCountry "USA"]
[SourceTitle "playchess.com"]
[Source "ChessBase"]
[SourceQuality "1"]
[TimeControl "5400+30"]

1. Nf3 Nf6 2. g3 b5 3. Bg2 Bb7 4. O-O g6 5. Na3 c6 6. d3 d6 7. Bd2 Bg7 8. c4 a6 9. Rc1 O-O 10. Qc2 Nbd7 11. Nd4 Rc8 12. Nb3 Ba8 13. Ba5 Qe8 14. Qd2 bxc4 15. Nxc4 c5 16. e4 d5 17. exd5 Bxd5 18. Rfe1 Rc6 19. Bxd5 Nxd5 20. d4 e6 21. dxc5 Nxc5 22. Nd4 Bxd4 23. Qxd4 Qc8 24. Bd2 Re8 25. Ne5 Rc7 26. Ng4 h5 27. Bh6 f5 28. Nf6+ Nxf6 29. Qxf6 Kh7 30. Bf4 1-0

[Event "New York Summer GM-A 2022"]
[Site "New York"]
[Date "2022.07.12"]
[Round "9.3"]
[White "Song, Michael"]
[Black "Kaliksteyn, Alexander"]
[Result "1/2-1/2"]
[ECO "B20"]
[WhiteElo "2409"]
[BlackElo "2380"]
[Annotator "ChessBase"]
[PlyCount "78"]
[EventDate "2022.07.08"]
[EventType "tourn"]
[EventCountry "USA"]
[SourceTitle "playchess.com"]
[Source "ChessBase"]
[SourceQuality "1"]
[TimeControl "5400+30"]

1. f4 c5 2. Nf3 g6 3. g3 Bg7 4. Bg2 Nc6 5. d3 e6 6. O-O Nge7 7. e4 O-O 8. c3 d6 9. Be3 b5 10. d4 cxd4 11. cxd4 Bb7 12. Nbd2 Rc8 13. Bf2 Na5 14. b3 Qd7 15. Bh3 f5 16. Re1 Nac6 17. a3 a6 18. Ra2 Nd8 19. Qe2 Re8 20. d5 fxe4 21. dxe6 Nxe6 22. Nxe4 Nf5 23. Qd3 Qc6 24. Rae2 Nc5 25. Bxc5 dxc5 26. Bg2 c4 27. bxc4 bxc4 28. Qc2 Rxe4 29. Rxe4 Qc5+ 30. Kh1 Bxe4 31. Qxe4 c3 32. Ng5 h6 33. Ne6 Qd6 34. Qb7 Rb8 35. Qd5 Qxd5 36. Bxd5 Rc8 37. g4 c2 38. Nd4+ Kf8 39. Nxc2 Rxc2 1/2-1/2

[Event "New York Summer GM-A 2022"]
[Site "New York"]
[Date "2022.07.11"]
[Round "9.4"]
[White "Ostrovskiy, Aleksandr"]
[Black "Korley, Kassa"]
[Result "1/2-1/2"]
[ECO "C42"]
[WhiteElo "2392"]
[BlackElo "2421"]
[Annotator "ChessBase"]
[PlyCount "31"]
[EventDate "2022.07.08"]
[EventType "tourn"]
[EventCountry "USA"]
[SourceTitle "playchess.com"]
[Source "ChessBase"]
[SourceQuality "1"]
[TimeControl "5400+30"]

1. e4 e5 2. Nf3 Nf6 3. Nxe5 d6 4. Nf3 Nxe4 5. Nc3 Nxc3 6. dxc3 Be7 7. Be3 O-O 8. Qd2 Nd7 9. O-O-O Nf6 10. Bd3 c5 11. Bg5 Be6 12. Qf4 Re8 13. Bb5 Rf8 14. Bd3 Re8 15. Bb5 Rf8 16. Bd3 1/2-1/2

[Event "New York Summer GM-A 2022"]
[Site "New York"]
[Date "2022.07.12"]
[Round "9.5"]
[White "Williams, Justus"]
[Black "Lu, Maximillian"]
[Result "0-1"]
[ECO "E12"]
[WhiteElo "2390"]
[BlackElo "2398"]
[Annotator "ChessBase"]
[PlyCount "134"]
[EventDate "2022.07.08"]
[EventType "tourn"]
[EventCountry "USA"]
[SourceTitle "playchess.com"]
[Source "ChessBase"]
[SourceQuality "1"]
[TimeControl "5400+30"]

1. Nf3 Nf6 2. c4 b6 3. d4 Bb7 4. Nc3 e6 5. a3 d5 6. Bg5 Be7 7. e3 O-O 8. Rc1 h6 9. Bh4 Nbd7 10. cxd5 exd5 11. Bd3 c5 12. dxc5 bxc5 13. O-O Rc8 14. Bf5 g6 15. Bxf6 Bxf6 16. Bh3 Rb8 17. Nxd5 Bxb2 18. Rc2 Nb6 19. Nf4 Qxd1 20. Rxd1 Rfd8 21. Rb1 Na4 22. Nd2 Bc3 23. Nf1 Be4 24. Rxb8 Rxb8 25. Rc1 Rb1 26. Rxb1 Bxb1 27. Nd5 Ba5 28. Bd7 Nb2 29. Ng3 Bd3 30. Ne7+ Kf8 31. Nc6 Be1 32. Bg4 c4 33. Be2 c3 34. Bxd3 Nxd3 35. Nd4 Bxf2+ 36. Kf1 Bxe3 37. Nc2 Bf4 38. Ne2 Be5 39. Ned4 Bxh2 40. Nb5 a6 41. Nxc3 Bd6 42. Ke2 Ne5 43. a4 f5 44. Nd5 Kf7 45. Nd4 Nd7 46. a5 Ne5 47. Nb6 Bb4 48. Nb3 Nc6 49. Nc4 Ke6 50. Kd3 g5 51. Ne3 f4 52. Nc2 Kd5 53. Nxb4+ Nxb4+ 54. Ke2 g4 55. Nd2 Nc6 56. g3 fxg3 57. Nf1 Ke4 58. Nxg3+ Kf4 59. Nh5+ Kg5 60. Ng7 Nxa5 61. Ne6+ Kh4 62. Nc5 Kh3 63. Kf2 Kh2 64. Ne4 h5 65. Ng3 h4 66. Nf1+ Kh3 67. Ne3 Nb3 0-1